Map: Port Aleksander EC

Players

Sorandom - Winner!

  • Race: Zerg Zerg
  • League: Diamond
  • Spawn Location: 5:00

SelectTarget

  • Race: Zerg Zerg
  • League: Diamond
  • Spawn Location: 11:00

VOD

Have the link to the VOD?

Description

Time

  • Played on: April 10, 2019, 10:20 a.m.
  • Length: 12:45
Show
View Real Time Build Order
Export as new Build Order

Sorandom Zerg - Winner!

Build Orders: Pool First, Roach Hydra 

Get SALT Encoding   

  12  0:01  Drone  
  13  0:13  Overlord  
  13  0:32  Drone x3  
  16  0:46  Spawning Pool  
  16  0:48  Drone  
  16  0:54  Drone  
  17  1:16  Hatchery  
  17  1:17  Drone  
  17  1:21  Drone  
  17  1:25  Extractor  
  17  1:29  Overlord  
  17  1:37  Drone  
  18  1:43  Queen  
  20  1:47  Drone  
  21  1:59  Drone  
  22  2:09  Roach Warren, Drone  
  22  2:18  Queen  
  24  2:23  Zergling x2  
  24  2:28  Zergling x2  
  26  2:32  Queen  
  28  2:37  Zergling x2  
  28  2:41  Drone  
  30  2:53  Evolution Chamber, Drone x2  
  30  2:55  Drone  
  32  3:02  Drone x2  
  32  3:04  Drone  
  35  3:13  Overlord  
  35  3:19  Drone  
  36  3:22  Overlord  
  36  3:31  Lair  
  36  3:32  Drone x2  
  36  3:33  Drone  
  39  3:38  Roach  
  39  3:40  Drone  
  42  3:58  Zerg Ground Armor Level 1, Drone  
  42  3:59  Drone x5  
  42  4:00  Extractor  
  47  4:02  Extractor  
  47  4:05  Roach  
  47  4:07  Roach  
  50  4:17  Roach  
  52  4:19  Overlord x2  
  52  4:25  Overlord  
  52  4:37  Drone  
  52  4:38  Drone x2  
  55  4:39  Drone x3  
  55  4:41  Evolution Chamber  
  55  4:42  Drone  
  58  4:56  Roach x3  
  58  4:57  Roach  
  66  5:03  Extractor  
  66  5:04  Glial Reconstitution  
  66  5:05  Drone x2  
  66  5:06  Hatchery, Drone  
  67  5:08  Drone  
  68  5:16  Zerg Missile Weapons Level 1  
  68  5:17  Drone x3  
  71  5:27  Roach  
  71  5:28  Roach  
  75  5:29  Overlord x2  
  75  5:37  Overlord  
  75  5:43  Overlord x2  
  75  5:47  Roach  
  75  5:48  Roach x2  
  81  5:51  Overseer  
  81  5:59  Hydralisk Den, Roach x3  
  86  6:08  Roach  
  86  6:09  Roach  
  90  6:16  Roach x3  
  90  6:17  Roach x2  
  99  6:20  Roach  
  99  6:25  Roach x2  
  105  6:26  Roach  
  105  6:30  Drone x2  
  109  6:37  Drone x2  
  111  6:43  Roach  
  111  6:46  Roach  
  115  6:48  Overlord  
  115  6:50  Grooved Spines  
  113  7:05  Roach  
  113  7:06  Roach x5  
  117  7:12  Roach x3  
  111  7:16  Drone  
  111  7:17  Drone  
  109  7:28  Hydralisk  
  109  7:29  Hydralisk x7  
  125  7:31  Drone  
  126  7:38  Hydralisk  
  124  7:46  Roach x3  
  124  7:50  Roach x3  
  120  7:52  Roach  
  112  7:59  Roach  
  112  8:00  Roach x4  
  112  8:05  Drone x3  
  125  8:10  Drone x2  
  127  8:15  Zerg Missile Weapons Level 2  
  127  8:17  Roach  
  129  8:25  Overlord, Drone  
  129  8:26  Overlord x3  
  130  8:34  Extractor  
  129  8:36  Extractor  
  128  8:42  Hydralisk  
  128  8:48  Muscular Augments, Hydralisk x4  
  138  8:56  Hydralisk  
  138  8:58  Roach  
  138  8:59  Roach  
  144  9:09  Hydralisk x2  
  146  9:15  Drone x3  
  146  9:16  Drone x3  
  150  9:29  Hydralisk x5  
  160  9:49  Hydralisk  
  160  9:50  Overlord  
  160  9:51  Overlord x7, Hatchery  
  161  10:13  Hydralisk x6  
  161  10:14  Hydralisk x3  
  165  10:16  Hydralisk  
  181  10:23  Drone x3  
  181  10:27  Queen x2  
  188  10:35  Roach  
  190  10:44  Hydralisk  
  190  10:45  Hydralisk x3  
  198  11:00  Overseer  
  154  11:11  Hydralisk  
  154  11:12  Hydralisk x8  
  154  11:15  Hydralisk  
  118  11:30  Lurker Den  
  118  11:31  Hydralisk x2  
  119  11:34  Hydralisk  
  121  11:42  Roach x5  
  131  11:54  Hydralisk x4  
  131  11:55  Hatchery  
  132  12:02  Roach  
  132  12:03  Roach x5  
  144  12:08  Roach  
  144  12:09  Roach x2  
  150  12:21  Roach  
  150  12:22  Roach x2  
Show
View Real Time Build Order
Export as new Build Order

SelectTarget Zerg 

Build Orders: Hatch First, Lurkers 

Get SALT Encoding   

  12  0:02  Drone  
  13  0:14  Overlord  
  13  0:18  Drone  
  14  0:33  Drone x2  
  16  0:51  Hatchery  
  16  0:56  Drone  
  16  0:57  Drone  
  16  1:02  Drone  
  18  1:16  Spawning Pool  
  18  1:18  Extractor  
  16  1:21  Drone  
  16  1:23  Drone  
  18  1:32  Drone  
  19  1:43  Overlord  
  19  2:02  Queen  
  19  2:03  Queen  
  19  2:04  Zergling x2  
  19  2:06  Zergling x2, Drone  
  26  2:22  Drone  
  27  2:25  Drone x3  
  27  2:28  Spine Crawler  
  29  2:33  Metabolic Boost  
  29  2:36  Drone  
  30  2:39  Drone  
  31  2:49  Overlord  
  31  2:50  Overlord  
  31  3:05  Evolution Chamber  
  30  3:06  Roach Warren  
  29  3:14  Drone x2  
  29  3:15  Drone x4  
  29  3:16  Drone  
  36  3:31  Zerg Missile Weapons Level 1  
  36  3:50  Drone x3  
  36  3:51  Drone x3  
  42  3:58  Extractor  
  42  3:59  Extractor  
  40  4:13  Hatchery  
  39  4:17  Overlord x2  
  39  4:30  Drone x3  
  41  4:32  Lair, Overlord  
  41  4:38  Queen  
  42  4:52  Drone x2  
  44  4:53  Drone x2  
  44  4:56  Extractor  
  45  5:07  Drone  
  45  5:08  Drone  
  45  5:09  Drone  
  45  5:11  Roach x3  
  54  5:17  Drone  
  54  5:19  Drone x2  
  57  5:29  Zerg Missile Weapons Level 2  
  57  5:37  Roach x2  
  57  5:38  Roach x6  
  73  5:45  Spore Crawler  
  73  5:49  Roach x5  
  82  5:50  Overlord  
  82  5:54  Overseer  
  82  5:55  Glial Reconstitution  
  82  6:03  Overlord  
  82  6:04  Overlord x2  
  82  6:21  Roach x4  
  82  6:22  Roach x3  
  82  6:23  Roach x3  
  102  6:30  Overlord x2  
  102  6:33  Ravager x2  
  102  6:34  Ravager  
  105  6:44  Roach x3  
  105  6:45  Roach  
  105  6:46  Overlord  
  111  7:02  Roach x5  
  106  7:11  Roach x3  
  106  7:12  Roach x2  
  98  7:19  Roach x3  
  100  7:36  Hydralisk Den  
  93  7:44  Roach x4  
  93  7:45  Roach x4  
  97  7:58  Roach x6  
  103  8:17  Lurker Den  
  102  8:21  Drone x2  
  102  8:22  Queen  
  106  8:31  Overlord x2  
  106  8:33  Hydralisk x4  
  114  8:59  Extractor  
  114  9:01  Drone x8  
  119  9:10  Hydralisk x3  
  117  9:31  Hydralisk x5  
  115  9:32  Roach x2  
  129  9:53  Lurker x3  
  129  9:54  Lurker, Hatchery  
  129  9:56  Overlord x2  
  129  9:57  Overlord x2  
  132  10:02  Pneumatized Carapace  
  132  10:07  Overlord x2  
  132  10:22  Drone x2  
  132  10:23  Drone  
  135  10:46  Muscular Augments, Hydralisk x7  
  135  10:47  Hydralisk  
  149  11:10  Roach, Hydralisk x3  
  149  11:11  Roach x2  
  111  11:36  Hydralisk x4  
  111  11:37  Hydralisk, Roach x5  
  131  11:43  Queen  
  109  11:54  Extractor  
  86  12:03  Lurker x2  
  86  12:06  Lurker  
  86  12:07  Lurker  
  90  12:08  Lurker  
  90  12:13  Roach  
  90  12:14  Roach x4  
Tags
 
Add a new tag
Caveats
  • Supply blocks, unpowered buildings, or Contaminate may cause inaccurate times.
  • Supply counts are checked every 10 seconds.